Workbook

Sheet Start
B1: ABOUT THIS TEMPLATE
B2: Use this template to create a Service Estimate.
B3: Fill in Estimate number, Date, Company Name, Address, Slogan, and bill To details.
B4: Enter information in tables.
B5: Total is auto calculated for you.
B6: Note:
B7: Additional instructions have been provided in column A in SERVICE ESTIMATE worksheet. This text has been intentionally hidden. To remove text, select column A, then select DELETE. To unhide text, select column A, then change font color.
B8: To learn more about tables, press SHIFT and then F10 within a table, select the TABLE option, and then select ALTERNATIVE TEXT.

Sheet Service Estimate
B1: Logo placeholder is in this cell. | D1: ESTIMATE
B3: Your Company Name
B4: Your Company Slogan
B5: Street Address | D5: ESTIMATE NO. | E5: No.
B6: City, ST ZIP Code | D6: DATE | E6: =TODAY() -> 45739
B7: Phone Fax | D7: CUSTOMER ID | E7: ID
B8: E-mail
B9: TO | C9: Name
C10: Company Name
C11: Street Address
C12: City, ST ZIP Code
C13: Phone
B14: SALESPERSON | C14: JOB | D14: PAYMENT TERMS | E14: DUE DATE
D15: Due upon receipt
B17: QUANTITY | C17: DESCRIPTION | D17: UNIT PRICE | E17: LINE TOTAL
E18: =IF(SUM(B18)>0,SUM(B18*'Service Estimate'!$D18),"")
E19: =IF(SUM(B19)>0,SUM(B19*'Service Estimate'!$D19),"")
E20: =IF(SUM(B20)>0,SUM(B20*'Service Estimate'!$D20),"")
E21: =IF(SUM(B21)>0,SUM(B21*'Service Estimate'!$D21),"")
E22: =IF(SUM(B22)>0,SUM(B22*'Service Estimate'!$D22),"")
E23: =IF(SUM(B23)>0,SUM(B23*'Service Estimate'!$D23),"")
E24: =IF(SUM(B24)>0,SUM(B24*'Service Estimate'!$D24),"")
E25: =IF(SUM(B25)>0,SUM(B25*'Service Estimate'!$D25),"")
E26: =IF(SUM(B26)>0,SUM(B26*'Service Estimate'!$D26),"")
E27: =IF(SUM(B27)>0,SUM(B27*'Service Estimate'!$D27),"")
E28: =IF(SUM(B28)>0,SUM(B28*'Service Estimate'!$D28),"")
E29: =IF(SUM(B29)>0,SUM(B29*'Service Estimate'!$D29),"")
... E37: =IF(SUM(B37)>0,SUM(B37*'Service Estimate'!$D37),"")
D38: SUBTOTAL | E38: =IF(SUM(E18:E37)>0,SUM(E18:E37),"")
D39: SALES TAX
D40: TOTAL | E40: =IF(SUM(E38)>0,SUM((E38*E39)+E38),"")
B42: Make all checks payable to | D42: =B3 -> Your Company Name
B44: THANK YOU FOR YOUR BUSINESS!
